 Dungeon Crawl Stone Soup version 0.25-a0-317-g5f8687b (webtiles) character file.

Game seed: 5535507080377329995, levelgen mode: deterministic

2661 Auros the Cleaver (level 9, -1/74 HPs)
             Began as a Hill Orc Fighter on Dec 25, 2019.
             Was a Follower of Beogh.
             Slain by Joseph
             ... wielding a +1 quarterstaff of draining
              (2 damage)
             ... on level 7 of the Dungeon.
             The game lasted 00:49:55 (8463 turns).

Auros the Cleaver (Hill Orc Fighter)                Turns: 8463, Time: 00:49:57

Health: -1/74      AC:  8    Str: 31    XL:     9   Next: 63%
Magic:  13/13      EV:  6    Int:  8    God:    Beogh [*.....]
Gold:   213        SH: 11    Dex: 10    Spells: 8/8 levels left

rFire    . . .     SeeInvis .   a - +0 war axe
rCold    . . .     Gourm    +   c - +1 shield
rNeg     . . .     Faith    .   C - +0 chain mail
rPois    .         Spirit   .   (no helmet)
rElec    .         Reflect  .   (no cloak)
rCorr    .         Harm     .   (no gloves)
MR       .....                  (no boots)
Stlth    ..........             m - amulet of the gourmand
HPRegen  0.22/turn              p - +4 ring of strength
MPRegen  0.13/turn              (no ring)

@: mighty, very slightly contaminated, heavily drained
A: no striking features
a: Renounce Religion


You were on level 7 of the Dungeon.
You worshipped Beogh.
Beogh was aware of your devotion.
You were not hungry.

You visited 1 branch of the dungeon, and saw 7 of its levels.

You collected 213 gold pieces.

Inventory:

Hand Weapons
 a - a +0 war axe (weapon)
 e - a +0 hunting sling
 r - a +1 arbalest of flaming
Missiles
 h - 57 bolts
 n - 96 arrows
 q - 48 sling bullets
 u - 8 poisoned darts
 y - a throwing net
 Z - 47 stones (quivered)
Armour
 b - a +0 scale mail
 c - a +1 shield (worn)
 C - a +0 chain mail (worn)
Magical Staves
 t - an uncursed staff of death
Jewellery
 m - an amulet of the gourmand (around neck)
 p - a +4 ring of strength (left hand)
 D - the amulet of the Air {Inacc +Fly rElec EV+5 RMsl}
   (You found it on level 6 of the Dungeon)

   [amulet of inaccuracy]

   It reduces the accuracy of all your attacks.
   It affects your evasion (+5).
   It insulates you from electricity.
   It lets you fly.
   It protects you from missiles.
Wands
 v - a wand of flame (8)
Scrolls
 g - 2 scrolls of teleportation {unknown}
 i - 5 scrolls of identify
 j - a scroll of fear {unknown}
 k - 3 scrolls of blinking
 o - a scroll of magic mapping
 w - 3 scrolls of enchant armour
 x - 2 scrolls of fog {unknown}
Potions
 f - a potion of mutation {unknown}
 l - 3 potions of curing
 s - a potion of magic {unknown}
 A - a potion of haste {unknown}
 B - a potion of lignification {unknown}
 E - a potion of brilliance {unknown}
Comestibles
 z - 15 rations


   Skills:
 - Level 5.6(3.0) Fighting
 + Level 12.8(9.7) Axes
 - Level 5.1(2.5) Armour
 - Level 5.1(2.5) Shields
 - Level 6.5(3.8) Invocations


You had 8 spell levels left.
You didn't know any spells.
Your spell library contained the following spells:

 Spells                   Type           Power        Failure   Level  Hunger
 Beastly Appendage        Tmut           #.....       100%        1    ##.....
 Sticks to Snakes         Tmut           #.......     100%        2    ###....
 Spider Form              Tmut/Pois      #.........   100%        3    ####...
 Ice Form                 Ice/Tmut       #.......     100%        4    #####..
 Blade Hands              Tmut           #.........   100%        5    ######.


Dungeon Overview and Level Annotations

Branches:
Dungeon (7/15)             Temple (0/1) D:7

Altars:
Ashenzari
Gozag
Okawaru
Qazlal
Vehumet
Xom

Annotations:
D:1 1 runed translucent door
D:2 Natasha
D:4 2 runed translucent doors
D:7 Joseph


Message History

You feel very mighty all of a sudden.
Joseph hits you with a +1 quarterstaff of draining!
* * * LOW HITPOINT WARNING * * *
You feel drained.
* * * LOW HITPOINT WARNING * * *
The crimson imp spits at you.
The crimson imp hits you but does no damage.
You closely miss Joseph.
Joseph is moderately wounded.
You slash the crimson imp!
Joseph hits you with a +1 quarterstaff of draining.
* * * LOW HITPOINT WARNING * * *
You feel drained. You block the crimson imp's attack.
You slash Joseph!
Joseph is heavily wounded.
You barely miss the crimson imp. The crimson imp barely misses you.
Joseph hits you with a +1 quarterstaff of draining!
* * * LOW HITPOINT WARNING * * *
You feel drained.
You die...

,,* #....#######.#,,*
*,,,,,#... ,** #....#
*,,,#.#,,*****,***,#..# ,*
#....#*#+#.#.#,,*,,,,,,,,,#...
,**
#....##....#.#,,*,***,****#...
,,* #....##....#.#,,,,*
*,>,,,#..# *,*
#.)..##....#.#*,*********,#..#
*,*
#...)##..>.#.#*,,,,,,,,,,,#..#
*,*
##'####....#@#************#..#
+,* #.####)...#@# #..# ***
#..§@'.5..#5# ##.# *
######....#.# #.# # #....#.#
######.# # #....#.# #..<...# *
####.#.# #......# * #.#.#
#......# * #.#.# #......#
#§#.# #......#


You could see Joseph and a crimson imp.

Vanquished Creatures
  Pikel (D:7)
  A hornet (D:7)
  2 water moccasins
  An orc warrior (D:6)
  4 slaves (D:6)
  A sky beast (D:5)
  3 ogres
  A crocodile (D:7)
  2 centaurs
  2 bullfrogs
  2 scorpions
  2 crimson imps
  A bullfrog zombie (D:4)
  3 hounds
  An orc priest (D:4)
  2 bullfrog skeletons (D:4)
  3 jellies (D:5)
  5 orc wizards
  A centaur skeleton (D:6)
  2 iguanas (D:4)
  6 worker ants
  A hound zombie (D:5)
  7 adders
  2 river rats (D:5)
  2 shadow imps
  An ooze (D:1)
  2 adder zombies
  An adder skeleton (D:5)
  A worm (D:5)
  4 dart slugs
  3 leopard geckos
  8 orcs
  A ball python (D:4)
  A giant cockroach (D:3)
  7 goblins
  4 hobgoblins
  12 jackals
  5 bats
  A frilled lizard (D:4)
  5 kobolds
  A leopard gecko zombie (D:7)
  6 rats
121 creatures vanquished.

Vanquished Creatures (others)
  A goblin (D:3)
1 creature vanquished.

Grand Total: 122 creatures vanquished

Notes
Turn   | Place    | Note
-------+----------+-------------------------------------------
     0 | D:1      | Auros the Hill Orc Fighter began the quest for the Orb.
     0 | D:1      | Reached XP level 1. HP: 19/19 MP: 1/1
     1 | D:1      | Found a runed translucent door.
    30 | D:1      | Reached skill level 3 in Axes
    30 | D:1      | Reached XP level 2. HP: 27/27 MP: 2/2
   511 | D:1      | Reached XP level 3. HP: 33/33 MP: 3/3
   742 | D:2      | Noticed Natasha
  1148 | D:3      | Found a radiant altar of Vehumet.
  1204 | D:3      | Became a worshipper of Beogh the Brigand
  1218 | D:3      | Reached XP level 4. HP: 38/41 MP: 4/4
  1624 | D:4      | Reached skill level 4 in Axes
  1624 | D:4      | Reached XP level 5. HP: 34/47 MP: 5/5
  1723 | D:4      | Found a large runed translucent door.
  1723 | D:4      | Found a large runed translucent door.
  1743 | D:4      | Reached * piety under Beogh
  2547 | D:4      | Found a large runed translucent door.
  2547 | D:4      | Found a large runed translucent door.
  2565 | D:4      | Reached skill level 5 in Fighting
  2565 | D:4      | Reached XP level 6. HP: 51/56 MP: 6/6
  2750 | D:4      | Reached skill level 5 in Axes
  2928 | D:4      | Reached skill level 5 in Armour
  2928 | D:4      | Reached skill level 5 in Shields
  2928 | D:4      | Reached XP level 7. HP: 53/61 MP: 7/7
  3030 | D:4      | Found a shimmering altar of Xom.
  3044 | D:4      | Reached skill level 1 in Invocations
  3409 | D:5      | Entered Level 5 of the Dungeon
  3411 | D:5      | Found an iron altar of Okawaru.
  3622 | D:5      | Reached skill level 5 in Invocations
  3706 | D:5      | Found a shimmering altar of Xom.
  3835 | D:5      | Reached XP level 8. HP: 49/69 MP: 12/12
  4005 | D:5      | Reached skill level 6 in Axes
  4150 | D:5      | Reached skill level 7 in Axes
  4374 | D:5      | Reached ** piety under Beogh
  4799 | D:5      | Reached skill level 8 in Axes
  5235 | D:6      | Reached skill level 9 in Axes
  5547 | D:6      | Reached skill level 10 in Axes
  5547 | D:6      | Reached XP level 9. HP: 42/74 MP: 13/13
  5781 | D:6      | Found the amulet of the Air {Inacc +Fly rElec EV+5 RMsl}
  5788 | D:6      | Found an opulent altar of Gozag.
  6270 | D:7      | Reached skill level 11 in Axes
  6309 | D:7      | Found a stormy altar of Qazlal.
  6310 | D:7      | Found a shattered altar of Ashenzari.
  6507 | D:7      | Noticed a hornet
  6516 | D:7      | Killed a hornet
  7005 | D:7      | Noticed Pikel
  7010 | D:7      | Noticed Joseph
  7269 | D:7      | Killed Pikel
  7269 | D:7      | Reached skill level 12 in Axes
  8463 | D:7      | HP: 1/74 [Joseph/+1 quarterstaff of draining (10)]
  8463 | D:7      | Slain by Joseph

Levels and vault maps discovered:
D:1:      dpeg_arrival_caged_fury, layout_loops_ring
D:2:      layout_loops_cross, uniq_natasha, uniq_robin
D:3:      corexii_shack_village, layout_rooms, cheibriados_altar_1,
          lemuel_altar_in_water
D:4:      layout_basic, kennysheep_mini, first_ration, abandoned_shop,
          minmay_hollow_rounded_squares
D:5:      layout_cave_pools, okawaru_metal_pillars_1_2,
          lightli_sewer_entry_pipes, brannock_xom_greatest_gift
D:6:      layout_rooms, old_standard_altar, kennysheep_cross_room,
          item_on_display_a
D:7:      layout_basic, grunt_temple_overflow_open,
          minmay_temple_entry_glassed_door, uniq_pikel, uniq_joseph

Skill      XL: |  1  2  3  4  5  6  7  8  9 |
---------------+----------------------------+-----
Axes           | 3 4 5 10 12 | 12.8
Fighting       | 4 5 |  5.6
Armour         | 4 5 |  5.1
Shields        | 4 5 |  5.1
Invocations    | 6 |  6.5

Action                   |  1- 3 |  4- 6 |  7- 9 || total
-------------------------+-------+-------+-------++-------
Melee: War axe           |   128 |    99 |   367 ||   594
Throw: Stone             |     9 |     5 |     2 ||    16
Invok: Convert to Beogh  |     1 |       |       ||     1
       Smiting           |       |       |     1 ||     1
Evoke: Wand              |       |       |    14 ||    14
  Use: Scroll            |       |     5 |     2 ||     7
       Potion            |       |       |     2 ||     2
  Eat: Chunk             |     1 |     8 |    19 ||    28
Armor: Scale mail        |    62 |    27 |    60 ||   149
       Chain mail        |       |       |    53 ||    53
Dodge: Dodged            |    46 |    25 |   110 ||   181
Block: Shield            |    72 |    45 |   205 ||   322

Table legend:
 A = Non-vault XP
 B = Vault XP
 C = Vault XP percentage of total XP
 D = Non-vault monster count
 E = Vault monster count
 F = Vault count percentage of total count
                 A         B        C        D         E       F
            +---------+---------+-------+---------+---------+-------
      Total |    2795 |    1007 |  26.5 |      93 |      24 |  20.5
            +---------+---------+-------+---------+---------+-------
        D:1 |      41 |       0 |   0.0 |      18 |       0 |   0.0
        D:2 |      11 |       0 |   0.0 |       6 |       0 |   0.0
        D:3 |      69 |      10 |  12.7 |      10 |       5 |  33.3
        D:4 |     358 |     307 |  46.2 |      16 |      10 |  38.5
        D:5 |    1101 |      61 |   5.2 |      25 |       8 |  24.2
        D:6 |     514 |       0 |   0.0 |       9 |       0 |   0.0
        D:7 |     701 |     629 |  47.3 |       9 |       1 |  10.0
            +---------+---------+-------+---------+---------+-------
